Unix NetHack Version 5.0.0-0 post-release - last build Jun 10 2026 00:39:30 (3ee93aec679c4c4259841fe613dc97188e26a321,branch:main).

Game began 2026-06-16 04:38:02, ended 2026-06-18 03:48:49.

JohnDarcy, neutral male human Tourist

                       ----------------
                     ##+...{..........|                                 ------
        -----        # |..............|                                 |..@[|
        |...+###     ##...............|                            #####+...%|
        |...|     #####---.------|-----           ---------------  #    |..<.|
        |...|     # ###   ##### ##                |[............|###    |....|
        |...%########         ###                 |.....%........#      -.--|-
        |...|                  ####              #-%.[........^.|        #  (
        |...|                  -.-)-      ########|..............##      #
        -----                  |[%.)#######       --------------- ##     #
                               |...|                               ##  ###
                      ----     |...|                                # -.---
                      |..|     -----                                # |...|
                      |..|        #                                 # |>..|
                      ----                                          ##....|
                                                                      |...|
                                                                      |...|
                                                                      |...|
                                                                      -----

JohnDarcy the Excursionist  St:18 Dx:13 Co:18 In:14 Wi:14 Ch:14  Neutral
Dlvl:11 $:4085 HP:0(81) Pw:37(37) AC:10 Xp:8 T:9188 

Latest messages:
 You finish taking off your hat.
 What do you want to take off? [krFS or ?*] ?
 You finish taking off your gloves.
 What do you want to take off? [kFS or ?*] ?
 You were wearing a +1 wooden shield.
 What do you want to take off? [kF or ?*] ?
 You finish taking off your shoes.
 What do you want to read? [D or ?*] D
 As you read the scroll, it disappears.
 A lit field surrounds you!
 e - a scroll labeled ELBIB YLOH.
 What do you want to read? [e or ?*] e
 As you read the scroll, it disappears.
 This is an identify scroll.
 H - a cursed -2 dwarvish cloak.
 What do you want to throw? [$a or ?*] H
 In what direction? 6
 V - a scroll labeled HAPAX LEGOMENON.
 What do you want to read? [V or ?*] V
 As you read the scroll, it disappears.
 A quivering blob suddenly appears next to you!
 You hit the quivering blob.
 You hit the quivering blob!
 You hit the quivering blob!
 You kill the quivering blob!
 You see here a quivering blob corpse.
 There are many objects here.
 I - an uncursed scroll labeled KERNOD WEL.
 What do you want to read? [I or ?*] I
 As you read the scroll, it disappears.
 Your elven cloak smoulders!
 T - a blessed scroll labeled LOREM IPSUM.
 You sure are noisy.
 You were wearing a burnt +0 elven cloak.
 You finish taking off your suit.
 What do you want to read? [T or ?*] T
 You read the scroll.
 This is a scroll of fire!
 Where do you want to center the explosion?
 (For instructions type a '?')
 The scroll erupts in a tower of flame!
 Boom!
 You see a puff of smoke.
 Your shirt smoulders!
 The tower of flame is fatal.
 Do you want your possessions identified? [ynq] (y) y
 Do you want to see your attributes? [ynq] (y) y
 Do you want an account of creatures vanquished? [ynaq] (y) n
 Do you want to see your conduct and achievements? [ynq] (y) y
 Do you want to see the dungeon overview? [ynq] (y) y

Inventory:
 Coins    ('$')
  $ - 4085 gold pieces
 Weapons  (')')
  a - 15 +2 darts (at the ready)
  s - the +0 Sting (weapon in right hand)
 Armor    ('[')
  O - a blessed +0 elven leather helm
  r - an uncursed +0 pair of leather gloves
  F - an uncursed +0 pair of iron shoes
  S - an uncursed +1 shield of drain resistance
  u - a cursed +0 cloak of displacement
  t - an uncursed +0 cloak of invisibility
  q - an uncursed +0 cloak of magic resistance
  E - an uncursed +0 cloak of protection
  k - an uncursed burnt +0 elven cloak
  J - an uncursed +0 oilskin cloak
  j - an uncursed burnt +0 Hawaiian shirt with a tropical fish motif (being worn)
  A - an uncursed +0 dwarvish mithril-coat
 Comestibles  ('%')
  d - an uncursed apple
  C - 2 uncursed cloves of garlic
  y - an uncursed cram ration
  f - 3 uncursed food rations
  L - 2 uncursed lembas wafers
  g - an uncursed pancake
 Rings    ('=')
  m - an uncursed ring of polymorph control
  B - an uncursed ring of searching
 Wands    ('/')
  x - a wand of light (0:8)
  h - a wand of make invisible (0:7)
  X - a wand of make invisible (0:7)
  Z - a wand of speed monster (0:2)
  G - a wand of undead turning (0:5)
 Tools    ('(')
  N - an uncursed blindfold
  l - an uncursed credit card
  c - an expensive camera (0:26)
  o - an uncursed leash
  M - a cursed lock pick
  p - a +0 pick-axe

JohnDarcy the Tourist's attributes:

Background:
 You were an Excursionist, a level 8 male human Tourist.
 You were neutral, on a mission for The Lady
 who was opposed by Blind Io (lawful) and Offler (chaotic).
 You were right-handed.
 You were in the Dungeons of Doom, on level 11.
 You entered the dungeon 9188 turns ago.
 It was nighttime.
 You had 2014 experience points, 546 more were needed to attain level 9.

Basics:
 You had 0 out of 81 hit points.
 You had all 37 energy points (spell power).
 Your armor class was 10.
 Your wallet contained 4085 zorkmids.
 Autopickup was off.

Final Characteristics:
 Your strength was 18 (limit:18/100).
 Your dexterity was 13 (limit:18).
 Your constitution was 18 (limit:18).
 Your intelligence was 14 (limit:18).
 Your wisdom was 14 (limit:18).
 Your charisma was 14 (limit:18).

Final Status:
 You weren't hungry.
 You were unencumbered.
 You were wielding a dagger.
 You were skilled in dagger.

Final Attributes:
 You were piously aligned.
 You were telepathic.
 You were aware of the presence of orcs.
 You were fast.
 You are dead.

Miscellaneous:
 You didn't encounter any bones levels.
 Total elapsed playing time was 2 hours, 21 minutes and 2 seconds.

Major events:
 Turn
    1: JohnDarcy the neutral male human Tourist entered the dungeon
  464: entered the Gnomish Mines
 1295: attained the rank of Sightseer (level 3)
 3788: chose a runed dagger to be named "Sting"
 4796: reached Mine Town
 5022: attained the rank of Excursionist (level 6)
 6035: entered Sokoban
 6437: completed 1st Sokoban level
 6822: completed 2nd Sokoban level
 8819: entered Home 1, the Quest
 9188: burned by a tower of flame

You didn't know any spells.

Skills:
 Fighting Skills
   bare handed combat [Basic]
   two weapon combat  [Unskilled]
   riding             [Unskilled]
 Weapon Skills
   dagger             [Skilled]
   knife              [Unskilled]
   axe                [Unskilled]
   pick-axe           [Unskilled]
   short sword        [Unskilled]
   broadsword         [Unskilled]
   long sword         [Unskilled]
   two-handed sword   [Unskilled]
   saber              [Unskilled]
   mace               [Unskilled]
   morning star       [Unskilled]
   flail              [Unskilled]
   hammer             [Unskilled]
   quarterstaff       [Unskilled]
   polearms           [Unskilled]
   spear              [Unskilled]
   trident            [Unskilled]
   lance              [Unskilled]
   bow                [Unskilled]
   sling              [Unskilled]
   crossbow           [Unskilled]
   dart               [Basic]
   shuriken           [Unskilled]
   boomerang          [Unskilled]
   whip               [Unskilled]
   unicorn horn       [Unskilled]
 Spellcasting Skills
   divination spells  [Unskilled]
   enchantment spells [Unskilled]
   escape spells      [Unskilled]

Voluntary challenges:
 Character rerolling was not enabled.
 You never genocided any monsters.
 You never polymorphed an object.
 You never changed form.
 You used no wishes.
 You did not violate any of the special Sokoban rules.
Achievements:
 You entered a shop.
 You entered the Gnomish Mines.
 You attained the rank of Sightseer.
 You entered Minetown.
 You entered a temple.
 You attained the rank of Excursionist.
 You entered Sokoban.

 The Dungeons of Doom: levels 1 to 11
    Level 1:
       Some fountains.
    Level 2:
       An armor shop, a fountain.
       Stairs down to The Gnomish Mines.
    Level 3:
       A general store, some fountains, a sink.
    Level 4:
       An armor shop, a fountain.
    Level 5:
    Level 6:
       A fountain.
       Stairs up to Sokoban, level 5.
    Level 7:
       Some fountains.
    Level 8:
       A potion shop.
    Level 9:
       A fountain.
    Level 10:
    Level 11: <- You were here.
       A fountain.
       Summoned by Twoflower.
       Portal to The Quest.
       Final resting place for
          you, burned by a tower of flame.
 The Gnomish Mines: levels 3 to 6
    Level 3:
    Level 4:
    Level 5:
       Many shops, a temple and an altar, some fountains.
    Level 6:
 The Quest:
    Level 1:
       Home.
 Sokoban: levels 5 up to 4
    Level 4:
       Solved.
    Level 5:
       Solved.


Vanquished creatures:
  a ghost
  a giant mimic
  a warhorse
  2 trolls
  a wood golem
  2 gargoyles
 an ettin zombie
  2 quivering blobs
  a cockatrice
  a wolf
 an iron piercer
  2 giant spiders
 an ice vortex
  a gnome ruler
  a dwarf leader
  a raven
  a gnome mummy
  a snake
  3 human zombies
  a rope golem
  a Woodland-elf
  a bugbear
  3 imps
  a mountain nymph
  3 rock piercers
  2 rock moles
  a pony
  3 gnome leaders
  2 gnomish wizards
  a gray ooze
  6 elf zombies
  a paper golem
  2 baby crocodiles
  a giant ant
  3 little dogs
  2 floating eyes
  2 kittens
  6 dwarves
  3 homunculi
  a kobold leader
  a kobold shaman
  9 hill orcs
  4 rothes
  a rabid rat
  a centipede
  5 orc zombies
  3 dwarf zombies
  a werejackal
  5 iguanas
  5 killer bees
  a gas spore
  2 hobbits
  2 hobgoblins
  8 giant rats
  4 cave spiders
  a yellow mold
  a green mold
  a red mold
 21 gnomes
  4 garter snakes
  a gnome zombie
  5 geckos
  a jackal
  3 foxes
  4 kobolds
  5 sewer rats
  7 grid bugs
  2 bats
  3 lichens
  3 kobold zombies
  5 newts
190 creatures vanquished.

No species were genocided or became extinct.

Game over:
                       ----------
                      /          \
                     /    REST    \
                    /      IN      \
                   /     PEACE      \
                  /                  \
                  |    JohnDarcy     |
                  |     4085 Au      |
                  |   burned by a    |
                  |  tower of flame  |
                  |                  |
                  |                  |
                  |       2026       |
                 *|     *  *  *      | *
        _________)/\\_//(\/(/\)/\//\/|_)_______

Aloha JohnDarcy the Tourist...

You burned in The Dungeons of Doom on dungeon level 11 with 12142 points,
and 4085 pieces of gold, after 9188 moves.
You were level 8 with a maximum of 81 hit points when you burned.

